[ AOE2 MATCH · #478310008 ]
UnrankedChinese vs Lithuanians
[ REPLAY ANALYSIS · EXTRACTED FROM THE RECORDED GAME ]
Feudal
11:58
Castle
18:50
Imperial
23:42
| APM avg | 22.2 |
| APM peak | 60 |
| eAPM avg | 14.3 |
| Villagers / military | 95 / 23 |
Focus
⚔️ 28.6% · 🌾 71.4%
Fire Lancer ×12 · Trebuchet (Packed) ×5 · Monk ×2 · Iron Pagoda ×2 · Scorpion ×1 · Spearman ×1
Feudal
11:53
Castle
17:03
Imperial
29:49
| APM avg | 37.2 |
| APM peak | 77 |
| eAPM avg | 23.7 |
| Villagers / military | 142 / 47 |
Focus
⚔️ 13.2% · 🌾 86.8%
Skirmisher ×25 · Camel Scout ×16 · Mangonel ×2 · Bombard Cannon ×2 · Trebuchet (Packed) ×2
Feudal
10:57
Castle
15:02
Imperial
31:15
| APM avg | 24.7 |
| APM peak | 74 |
| eAPM avg | 14.2 |
| Villagers / military | 128 / 40 |
Focus
⚔️ 15.0% · 🌾 85.0%
Scout Cavalry ×27 · Spearman ×7 · Leitis ×4 · Monk ×2
Feudal
10:31
Castle
16:06
Imperial
30:55
| APM avg | 19.8 |
| APM peak | 49 |
| eAPM avg | 12.9 |
| Villagers / military | 134 / 59 |
Focus
⚔️ 35.6% · 🌾 64.4%
Genoese Crossbowman ×52 · Bombard Cannon ×3 · Trebuchet (Packed) ×3 · Mangonel ×1
Feudal
11:12
Castle
15:47
Imperial
29:44
| APM avg | 22.9 |
| APM peak | 66 |
| eAPM avg | 14.7 |
| Villagers / military | 102 / 140 |
Focus
⚔️ 32.9% · 🌾 67.1%
Knight ×135 · Monk ×5
Feudal
11:53
Castle
16:04
Imperial
31:32
| APM avg | 17.8 |
| APM peak | 57 |
| eAPM avg | 10.3 |
| Villagers / military | 78 / 78 |
Focus
⚔️ 16.6% · 🌾 83.4%
Militia ×41 · Spearman ×35 · Centurion ×2
Feudal
12:58
Castle
18:46
Imperial
30:02
| APM avg | 17.5 |
| APM peak | 49 |
| eAPM avg | 13.8 |
| Villagers / military | 112 / 92 |
Focus
⚔️ 20.8% · 🌾 79.2%
Skirmisher ×61 · Spearman ×19 · Cataphract ×6 · Trebuchet (Packed) ×6
Feudal
11:23
Castle
14:04
Imperial
—
| APM avg | 9.3 |
| APM peak | 28 |
| eAPM avg | 8.4 |
| Villagers / military | 147 / 6 |
Focus
⚔️ 9.9% · 🌾 90.1%
Monk ×3 · Mangonel ×2 · Ballista Elephant ×1
Match map
Initial resources + every placement click. Lines = walls · curves = elevation contours. ◆ gold · ⬟ stone · ● berries · ✦ relic · ◌ wall gap
Your base· ✓ Closed at 18:50 · 0t walls · 2 gate(s)
1Timoteo2:11's base· ✓ Closed at 17:03 · 4t walls · 3 gate(s)
Naru's base· ✓ Closed at 15:02 · 0t walls · 2 gate(s)
redheadedkiller's base· ✓ Closed at 16:06 · 0t walls · 3 gate(s)
Flipper's base· ✓ Closed at 15:47 · 0t walls · 3 gate(s)
CappinCrunch's base· ✓ Closed at 16:04 · 0t walls · 2 gate(s)
ClassicRock's base· ✓ Closed at 18:46 · 0t walls · 2 gate(s)
BIZONADE's base· ✓ Closed at 14:04 · 0t walls · 2 gate(s)
Smoothed initial terrain · ◌ = detected wall gap · hover for details
Inputs per minute
— rakz - - 1Timoteo2:11
Build order — rakz
First 150 of 205 actions detected
| 0:07 | Research | Loom |
| 1:07 | Create | Villager (Male) |
| 1:07 | Create | Villager (Male) |
| 1:08 | Create | Villager (Male) |
| 1:43 | Create | Villager (Male) |
| 1:43 | Create | Villager (Male) |
| 2:08 | Create | Villager (Male) |
| 2:09 | Create | Villager (Male) |
| 2:09 | Create | Villager (Male) |
| 2:44 | Build | Lumber Camp |
| 2:53 | Create | Villager (Male) |
| 2:53 | Create | Villager (Male) |
| 2:53 | Create | Villager (Male) |
| 2:59 | Build | House |
| 3:01 | Build | House |
| 3:36 | Create | Villager (Male) |
| 3:37 | Create | Villager (Male) |
| 3:37 | Create | Villager (Male) |
| 4:20 | Build | House |
| 4:21 | Build | House |
| 4:36 | Create | Villager (Male) |
| 4:37 | Create | Villager (Male) |
| 4:37 | Create | Villager (Male) |
| 4:37 | Create | Villager (Male) |
| 4:37 | Create | Villager (Male) |
| 5:37 | Create | Villager (Male) |
| 5:37 | Create | Villager (Male) |
| 5:43 | Build | Mill |
| 6:15 | Create | Villager (Male) |
| 6:15 | Create | Villager (Male) |
| 6:49 | Build | Mill |
| 6:58 | Create | Villager (Male) |
| 6:58 | Create | Villager (Male) ×2 |
| 6:59 | Create | Villager (Male) |
| 8:03 | Create | Villager (Male) |
| 8:03 | Create | Villager (Male) |
| 9:23 | Create | Villager (Male) |
| 9:23 | Create | Villager (Male) |
| 9:32 | Build | Mill |
| 9:48 | Research | Feudal Age |
| 10:34 | Build | Mining Camp |
| 11:03 | Build | Barracks |
| 11:39 | Build | House |
| 11:40 | Build | House |
| 11:41 | Build | House |
| 11:42 | Build | House |
| 11:43 | Build | House |
| 11:58 | Age | Feudal Age |
| 12:03 | Create | Spearman |
| 12:14 | Create | Villager (Male) |
| 12:14 | Create | Villager (Male) |
| 12:14 | Create | Villager (Male) |
| 12:19 | Research | Double-Bit Axe |
| 12:21 | Research | Horse Collar |
| 12:45 | Build | Farm |
| 12:46 | Build | Farm |
| 12:47 | Build | Farm |
| 12:48 | Build | Farm |
| 12:51 | Create | Villager (Male) |
| 13:16 | Create | Villager (Male) |
| 13:24 | Build | Blacksmith |
| 13:29 | Build | Market |
| 13:40 | Build | Farm |
| 13:41 | Build | Farm |
| 14:39 | Create | Villager (Male) |
| 14:40 | Create | Villager (Male) |
| 14:40 | Create | Villager (Male) |
| 14:45 | Build | Farm |
| 14:46 | Build | Farm |
| 14:46 | Build | Farm |
| 14:46 | Build | Farm |
| 14:46 | Build | Farm |
| 16:10 | Research | Castle Age |
| 17:09 | Build | Farm |
| 17:09 | Build | Farm |
| 17:10 | Build | Farm |
| 17:10 | Build | Farm |
| 17:10 | Build | Farm |
| 17:22 | Build | Mining Camp |
| 18:20 | Create | Villager (Male) |
| 18:50 | Age | Castle Age |
| 19:09 | Build | University |
| 19:14 | Build | Monastery |
| 19:18 | Create | Villager (Male) |
| 19:37 | Create | Villager (Male) |
| 20:32 | Research | Imperial Age |
| 20:33 | Research | Imperial Age |
| 21:33 | Research | Gold Mining |
| 21:34 | Research | Stone Mining |
| 21:45 | Research | Scale Mail Armor |
| 22:05 | Create | Villager (Male) |
| 22:05 | Create | Villager (Male) |
| 22:44 | Build | Castle |
| 22:51 | Build | Siege Workshop |
| 22:56 | Research | Forging |
| 23:00 | Create | Fire Lancer |
| 23:04 | Create | Villager (Male) |
| 23:30 | Create | Monk |
| 23:34 | Research | Chain Mail Armor |
| 23:40 | Build | Barracks |
| 23:42 | Age | Imperial Age |
| 24:12 | Create | Villager (Male) |
| 24:22 | Create | Trebuchet (Packed) |
| 24:35 | Create | Villager (Male) |
| 24:48 | Build | Lumber Camp |
| 24:54 | Build | Mining Camp |
| 25:20 | Create | Iron Pagoda |
| 25:34 | Create | Villager (Male) |
| 25:34 | Create | Villager (Male) |
| 25:46 | Build | Lumber Camp |
| 26:04 | Create | Monk |
| 26:35 | Create | Trebuchet (Packed) |
| 26:44 | Create | Villager (Male) |
| 26:44 | Create | Villager (Male) |
| 26:55 | Research | Gold Shaft Mining |
| 27:21 | Create | Trebuchet (Packed) |
| 27:43 | Create | Fire Lancer |
| 27:43 | Create | Fire Lancer |
| 27:51 | Create | Villager (Male) |
| 27:52 | Create | Villager (Male) |
| 27:52 | Create | Villager (Male) |
| 28:06 | Research | Iron Casting |
| 28:10 | Create | Fire Lancer |
| 28:11 | Create | Fire Lancer |
| 28:27 | Create | Scorpion |
| 28:46 | Build | Town Center |
| 28:49 | Create | Villager (Male) |
| 29:09 | Create | Iron Pagoda |
| 29:19 | Research | Conscription |
| 29:24 | Create | Villager (Male) |
| 29:24 | Create | Villager (Male) |
| 29:29 | Research | Bow Saw |
| 29:50 | Create | Fire Lancer |
| 30:05 | Create | Trebuchet (Packed) |
| 30:23 | Research | Arson |
| 30:25 | Create | Fire Lancer |
| 30:25 | Create | Fire Lancer |
| 30:25 | Create | Fire Lancer |
| 30:38 | Create | Villager (Male) |
| 30:38 | Create | Villager (Male) |
| 30:49 | Create | Trebuchet (Packed) |
| 31:35 | Create | Villager (Male) |
| 31:36 | Create | Villager (Male) |
| 31:36 | Create | Villager (Male) |
| 31:40 | Research | Wheelbarrow |
| 31:41 | Create | Villager (Male) |
| 31:42 | Create | Villager (Male) |
| 32:34 | Create | Villager (Male) |
| 32:34 | Create | Villager (Male) |
| 33:28 | Create | Villager (Male) |
Build order — 1Timoteo2:11
First 150 of 337 actions detected
| 0:01 | Create | Villager (Male) |
| 0:02 | Create | Villager (Male) |
| 0:02 | Create | Villager (Male) |
| 0:03 | Build | House |
| 0:05 | Build | House |
| 0:22 | Create | Villager (Male) |
| 0:22 | Create | Villager (Male) |
| 1:26 | Create | Villager (Male) |
| 1:26 | Create | Villager (Male) |
| 2:03 | Create | Villager (Male) |
| 2:03 | Create | Villager (Male) |
| 2:19 | Create | Villager (Male) |
| 2:19 | Create | Villager (Male) |
| 2:54 | Create | Villager (Male) |
| 2:54 | Create | Villager (Male) |
| 3:14 | Build | House |
| 3:15 | Build | House |
| 3:18 | Build | House |
| 3:20 | Create | Villager (Male) |
| 3:21 | Create | Villager (Male) |
| 3:42 | Create | Villager (Male) |
| 3:42 | Create | Villager (Male) |
| 4:01 | Build | Lumber Camp |
| 4:06 | Create | Villager (Male) |
| 4:06 | Create | Villager (Male) |
| 4:17 | Build | House |
| 4:35 | Create | Villager (Male) |
| 4:35 | Create | Villager (Male) |
| 5:00 | Create | Villager (Male) |
| 5:00 | Create | Villager (Male) |
| 5:25 | Create | Villager (Male) |
| 5:47 | Research | Loom |
| 5:48 | Research | Loom |
| 5:50 | Build | Mill |
| 6:17 | Create | Villager (Male) |
| 6:18 | Create | Villager (Male) |
| 6:36 | Build | Farm |
| 6:39 | Build | Farm |
| 6:40 | Create | Villager (Male) |
| 6:45 | Build | Farm |
| 7:08 | Create | Villager (Male) |
| 7:08 | Create | Villager (Male) |
| 7:08 | Create | Villager (Male) |
| 7:35 | Build | Farm |
| 7:37 | Create | Villager (Male) |
| 8:05 | Build | Farm |
| 8:07 | Create | Villager (Male) |
| 8:30 | Build | Farm |
| 8:35 | Create | Villager (Male) |
| 8:52 | Build | Farm |
| 9:17 | Create | Villager (Male) |
| 9:23 | Build | Farm |
| 9:24 | Build | Farm |
| 9:43 | Research | Feudal Age |
| 11:06 | Create | Villager (Male) |
| 11:11 | Build | Farm |
| 11:14 | Build | Farm |
| 11:20 | Build | Lumber Camp |
| 11:25 | Build | Farm |
| 11:39 | Create | Villager (Male) |
| 11:53 | Age | Feudal Age |
| 11:55 | Build | Farm |
| 12:30 | Build | Market |
| 12:34 | Create | Villager (Male) |
| 13:03 | Create | Villager (Male) |
| 13:07 | Build | Mining Camp |
| 13:27 | Create | Villager (Male) |
| 13:32 | Build | Blacksmith |
| 13:52 | Create | Villager (Male) |
| 14:12 | Research | Castle Age |
| 14:29 | Research | Double-Bit Axe |
| 14:38 | Build | House |
| 14:42 | Build | House |
| 14:52 | Build | House |
| 14:53 | Build | House |
| 14:56 | Research | Horse Collar |
| 15:18 | Create | Villager (Male) |
| 16:52 | Build | Stone Wall |
| 16:55 | Build | Stone Wall |
| 17:03 | Age | Castle Age |
| 17:09 | Create | Villager (Male) |
| 17:09 | Create | Villager (Male) |
| 17:18 | Build | University |
| 17:32 | Build | Stone Wall |
| 17:58 | Create | Villager (Male) |
| 18:01 | Build | Town Center |
| 18:22 | Build | Town Center |
| 18:28 | Research | Fortified Wall (upgrade) |
| 18:37 | Build | Gate |
| 18:41 | Create | Villager (Male) |
| 18:52 | Create | Villager (Male) |
| 19:01 | Create | Villager (Male) |
| 19:01 | Create | Villager (Male) |
| 19:01 | Create | Villager (Male) |
| 19:12 | Create | Villager (Male) |
| 19:12 | Create | Villager (Male) |
| 19:12 | Create | Villager (Male) |
| 19:23 | Create | Villager (Male) |
| 19:37 | Build | Stone Wall |
| 19:51 | Create | Villager (Male) |
| 19:53 | Research | Gold Mining |
| 19:56 | Create | Villager (Male) |
| 20:01 | Research | Bow Saw |
| 20:04 | Build | Farm |
| 20:10 | Create | Villager (Male) |
| 20:12 | Create | Villager (Male) |
| 20:12 | Create | Villager (Male) |
| 20:20 | Build | Farm |
| 20:39 | Build | House |
| 20:43 | Build | House |
| 20:49 | Create | Villager (Male) |
| 20:49 | Create | Villager (Male) |
| 20:59 | Build | Farm |
| 21:00 | Build | Farm |
| 21:00 | Build | Farm |
| 21:01 | Build | Farm |
| 21:04 | Build | Farm |
| 21:05 | Create | Villager (Male) |
| 21:10 | Create | Villager (Male) |
| 21:10 | Create | Villager (Male) |
| 21:26 | Build | Mining Camp |
| 21:34 | Research | Stone Mining |
| 21:42 | Build | Farm |
| 21:43 | Create | Villager (Male) |
| 21:50 | Build | Farm |
| 21:50 | Build | Farm |
| 21:56 | Build | Farm |
| 21:57 | Create | Villager (Male) |
| 22:04 | Create | Villager (Male) |
| 22:04 | Create | Villager (Male) |
| 22:11 | Build | Farm |
| 22:22 | Create | Villager (Male) |
| 22:23 | Create | Villager (Male) |
| 22:29 | Build | Farm |
| 22:30 | Create | Villager (Male) |
| 22:30 | Create | Villager (Male) |
| 22:37 | Build | Farm |
| 22:38 | Build | Farm |
| 22:38 | Build | Farm |
| 22:39 | Build | Farm |
| 22:41 | Create | Villager (Male) |
| 22:43 | Create | Villager (Male) |
| 22:44 | Create | Villager (Male) |
| 22:45 | Create | Villager (Male) |
| 23:07 | Create | Villager (Male) |
| 23:18 | Create | Villager (Male) |
| 23:18 | Create | Villager (Male) |
| 23:22 | Create | Villager (Male) |
| 23:22 | Create | Villager (Male) |
| 23:28 | Build | Farm |
Build order — Naru
First 150 of 293 actions detected
| 0:02 | Create | Villager (Male) |
| 0:02 | Create | Villager (Male) |
| 0:02 | Create | Villager (Male) |
| 0:05 | Build | House |
| 0:06 | Build | House |
| 0:27 | Create | Villager (Male) |
| 0:28 | Create | Villager (Male) |
| 0:33 | Create | Villager (Male) |
| 1:25 | Create | Villager (Male) |
| 1:25 | Create | Villager (Male) |
| 2:13 | Create | Villager (Male) |
| 2:13 | Create | Villager (Male) |
| 2:39 | Build | House |
| 2:42 | Build | Lumber Camp |
| 2:45 | Create | Villager (Male) |
| 2:45 | Create | Villager (Male) |
| 3:07 | Create | Villager (Male) |
| 3:26 | Create | Villager (Male) |
| 3:38 | Create | Villager (Male) |
| 4:06 | Create | Villager (Male) |
| 4:57 | Create | Villager (Male) |
| 5:14 | Create | Villager (Male) |
| 5:14 | Create | Villager (Male) |
| 5:15 | Create | Villager (Male) |
| 5:15 | Create | Villager (Male) |
| 5:35 | Build | Mill |
| 5:38 | Create | Villager (Male) |
| 5:39 | Create | Villager (Male) |
| 5:56 | Build | House |
| 7:02 | Build | Mill |
| 7:40 | Create | Villager (Male) |
| 8:05 | Research | Feudal Age |
| 8:29 | Build | Mining Camp |
| 8:46 | Build | Farm |
| 9:20 | Build | Farm |
| 9:51 | Build | Barracks |
| 10:24 | Build | House |
| 10:32 | Create | Villager (Male) |
| 10:33 | Create | Villager (Male) |
| 10:57 | Age | Feudal Age |
| 11:09 | Build | Blacksmith |
| 11:54 | Build | Stable |
| 11:55 | Create | Villager (Male) |
| 12:22 | Research | Castle Age |
| 12:22 | Research | Castle Age |
| 12:48 | Research | Double-Bit Axe |
| 13:17 | Build | Farm |
| 13:29 | Research | Horse Collar |
| 13:54 | Create | Villager (Male) |
| 13:59 | Build | Farm |
| 14:26 | Create | Spearman |
| 14:31 | Build | House |
| 14:45 | Build | Farm |
| 15:02 | Age | Castle Age |
| 15:13 | Build | Monastery |
| 15:22 | Build | Town Center |
| 15:24 | Create | Villager (Male) |
| 15:42 | Create | Villager (Male) |
| 15:57 | Create | Villager (Male) |
| 16:07 | Create | Monk |
| 16:20 | Create | Villager (Male) |
| 16:31 | Create | Villager (Male) |
| 16:39 | Build | Farm |
| 16:40 | Build | Farm |
| 16:46 | Build | Farm |
| 16:52 | Create | Villager (Male) |
| 16:53 | Create | Villager (Male) |
| 16:58 | Build | Farm |
| 16:59 | Build | Farm |
| 17:07 | Build | Farm |
| 17:11 | Create | Villager (Male) |
| 17:31 | Create | Villager (Male) |
| 17:36 | Build | Farm |
| 17:42 | Build | Farm |
| 17:46 | Build | Farm |
| 17:50 | Build | Farm |
| 17:54 | Build | Farm |
| 17:57 | Build | Farm |
| 17:57 | Build | Farm |
| 17:57 | Build | Farm |
| 17:58 | Build | Farm |
| 17:59 | Build | Farm |
| 18:01 | Create | Villager (Male) |
| 18:02 | Create | Villager (Male) |
| 18:02 | Create | Villager (Male) |
| 18:12 | Create | Monk |
| 18:20 | Build | House |
| 18:35 | Create | Spearman |
| 18:41 | Build | House |
| 18:41 | Build | House |
| 18:56 | Create | Villager (Male) |
| 18:57 | Create | Villager (Male) |
| 19:01 | Build | Farm |
| 19:07 | Build | Farm |
| 19:12 | Research | Heavy Plow |
| 19:22 | Create | Villager (Male) |
| 19:22 | Create | Villager (Male) |
| 19:26 | Build | Farm |
| 19:29 | Build | Farm |
| 19:33 | Build | Farm |
| 19:37 | Create | Villager (Male) |
| 19:49 | Create | Villager (Male) |
| 19:50 | Create | Villager (Male) |
| 19:51 | Create | Villager (Male) |
| 20:15 | Create | Spearman |
| 20:30 | Build | Town Center |
| 20:39 | Create | Villager (Male) |
| 20:40 | Create | Villager (Male) |
| 21:01 | Create | Villager (Male) |
| 21:02 | Create | Villager (Male) |
| 21:07 | Build | House |
| 21:08 | Build | House |
| 21:19 | Research | Bow Saw |
| 21:25 | Build | Farm |
| 21:27 | Create | Villager (Male) |
| 21:29 | Create | Villager (Male) |
| 21:30 | Create | Villager (Male) |
| 21:31 | Create | Villager (Male) |
| 21:53 | Create | Spearman |
| 21:54 | Create | Spearman |
| 22:02 | Build | House |
| 22:03 | Build | House |
| 22:09 | Create | Villager (Male) |
| 22:09 | Create | Villager (Male) |
| 22:12 | Create | Villager (Male) |
| 22:15 | Build | Farm |
| 22:15 | Build | Farm |
| 22:15 | Build | Farm |
| 22:16 | Build | Farm |
| 22:20 | Build | Farm |
| 22:25 | Create | Villager (Male) |
| 22:26 | Create | Villager (Male) |
| 22:29 | Research | Wheelbarrow |
| 22:36 | Create | Villager (Male) |
| 22:40 | Build | Mining Camp |
| 22:44 | Research | Gold Mining |
| 22:45 | Research | Stone Mining |
| 23:01 | Create | Villager (Male) |
| 23:23 | Create | Villager (Male) |
| 23:26 | Create | Villager (Male) |
| 23:27 | Create | Villager (Male) |
| 23:29 | Create | Villager (Male) |
| 23:48 | Create | Villager (Male) |
| 23:49 | Create | Villager (Male) |
| 23:54 | Create | Villager (Male) |
| 24:01 | Research | Hand Cart |
| 24:08 | Research | Stone Shaft Mining |
| 24:21 | Create | Villager (Male) |
| 24:21 | Create | Villager (Male) |
| 24:40 | Create | Villager (Male) |
Build order — redheadedkiller
First 150 of 210 actions detected
| 0:01 | Create | Villager (Male) |
| 0:01 | Create | Villager (Male) |
| 0:01 | Create | Villager (Male) |
| 0:03 | Build | House |
| 0:04 | Build | House |
| 0:05 | Create | Villager (Male) |
| 0:23 | Research | Loom |
| 1:29 | Create | Villager (Male) |
| 1:31 | Research | Loom |
| 1:53 | Build | Lumber Camp |
| 2:12 | Create | Villager (Male) |
| 2:20 | Create | Villager (Male) |
| 2:58 | Create | Villager (Male) |
| 3:03 | Build | House |
| 3:04 | Build | House |
| 3:12 | Create | Villager (Male) |
| 3:44 | Create | Villager (Male) |
| 4:02 | Create | Villager (Male) |
| 4:39 | Create | Villager (Male) |
| 5:05 | Build | Mill |
| 5:18 | Create | Villager (Male) |
| 5:20 | Create | Villager (Male) |
| 5:57 | Create | Villager (Male) |
| 6:38 | Create | Villager (Male) ×4 |
| 6:38 | Create | Villager (Male) ×4 |
| 6:47 | Build | Mill |
| 7:00 | Create | Villager (Male) |
| 7:08 | Create | Villager (Male) |
| 7:12 | Create | Villager (Male) ×2 |
| 7:57 | Create | Villager (Male) ×5 |
| 8:10 | Research | Feudal Age |
| 8:10 | Create | Villager (Male) |
| 9:09 | Build | House |
| 9:10 | Build | House |
| 9:29 | Create | Villager (Male) ×5 |
| 9:39 | Build | Mining Camp |
| 9:48 | Build | House |
| 9:49 | Build | House |
| 10:31 | Age | Feudal Age |
| 10:35 | Create | Villager (Male) ×4 |
| 10:53 | Create | Villager (Male) |
| 10:53 | Create | Villager (Male) |
| 10:53 | Create | Villager (Male) |
| 11:19 | Build | Market |
| 11:21 | Create | Villager (Male) ×2 |
| 11:27 | Create | Villager (Male) |
| 11:27 | Create | Villager (Male) |
| 11:48 | Create | Villager (Male) ×2 |
| 12:31 | Build | Blacksmith |
| 12:42 | Create | Villager (Male) ×2 |
| 13:05 | Build | Mining Camp |
| 13:08 | Create | Villager (Male) ×5 |
| 13:09 | Create | Villager (Male) ×5 |
| 13:25 | Research | Castle Age |
| 13:26 | Create | Villager (Male) ×4 |
| 14:35 | Build | Farm |
| 14:37 | Build | Farm |
| 14:40 | Build | Farm |
| 14:47 | Build | Farm |
| 15:57 | Create | Villager (Male) ×4 |
| 15:57 | Create | Villager (Male) ×4 |
| 16:06 | Age | Castle Age |
| 16:23 | Create | Villager (Male) |
| 16:23 | Create | Villager (Male) |
| 16:39 | Build | Barracks |
| 16:49 | Build | Castle |
| 17:02 | Build | Farm |
| 17:03 | Create | Villager (Male) |
| 17:24 | Build | Farm |
| 17:30 | Build | Farm |
| 17:45 | Build | Farm |
| 17:50 | Build | Farm |
| 17:53 | Build | Farm |
| 18:02 | Build | Farm |
| 18:08 | Research | Horse Collar |
| 18:13 | Research | Double-Bit Axe |
| 18:21 | Research | Horse Collar |
| 18:27 | Create | Genoese Crossbowman |
| 18:50 | Create | Genoese Crossbowman |
| 18:50 | Create | Genoese Crossbowman |
| 19:03 | Create | Genoese Crossbowman |
| 19:05 | Create | Villager (Male) ×3 |
| 19:06 | Create | Villager (Male) ×3 |
| 19:27 | Build | Farm |
| 19:30 | Build | Farm |
| 19:37 | Build | Farm |
| 19:41 | Create | Genoese Crossbowman |
| 19:43 | Create | Villager (Male) ×2 |
| 20:02 | Build | Town Center |
| 20:07 | Create | Genoese Crossbowman |
| 20:11 | Research | Fletching |
| 20:11 | Research | Padded Archer Armor |
| 20:18 | Research | Padded Archer Armor |
| 20:22 | Create | Genoese Crossbowman |
| 20:22 | Create | Genoese Crossbowman |
| 20:22 | Create | Genoese Crossbowman |
| 20:30 | Create | Villager (Male) |
| 20:33 | Build | House |
| 20:45 | Create | Villager (Male) |
| 20:49 | Create | Villager (Male) |
| 20:50 | Create | Villager (Male) |
| 20:55 | Build | Farm |
| 21:05 | Create | Genoese Crossbowman |
| 21:05 | Create | Genoese Crossbowman |
| 21:12 | Create | Villager (Male) |
| 21:18 | Build | Farm |
| 21:25 | Create | Genoese Crossbowman |
| 21:29 | Create | Villager (Male) |
| 21:31 | Create | Villager (Male) |
| 21:45 | Build | University |
| 21:51 | Create | Genoese Crossbowman |
| 22:08 | Create | Villager (Male) ×3 |
| 22:26 | Create | Genoese Crossbowman |
| 22:27 | Create | Genoese Crossbowman |
| 22:27 | Create | Genoese Crossbowman |
| 22:27 | Create | Genoese Crossbowman |
| 22:42 | Research | Bodkin Arrow |
| 22:51 | Create | Genoese Crossbowman |
| 22:56 | Build | Farm |
| 23:04 | Create | Villager (Male) ×3 |
| 23:38 | Build | Siege Workshop |
| 23:54 | Research | Wheelbarrow |
| 23:56 | Create | Villager (Male) ×2 |
| 23:57 | Create | Villager (Male) ×2 |
| 24:05 | Build | Town Center |
| 24:12 | Build | Farm |
| 24:20 | Research | Leather Archer Armor |
| 24:30 | Create | Genoese Crossbowman |
| 24:30 | Create | Genoese Crossbowman |
| 24:31 | Create | Genoese Crossbowman |
| 24:31 | Create | Genoese Crossbowman |
| 24:31 | Create | Genoese Crossbowman |
| 24:33 | Create | Villager (Male) |
| 24:42 | Build | House |
| 24:46 | Build | House |
| 24:58 | Create | Villager (Male) |
| 25:00 | Create | Villager (Male) ×2 |
| 25:16 | Build | House |
| 26:01 | Create | Villager (Male) ×5 |
| 26:01 | Create | Villager (Male) ×2 |
| 26:27 | Research | Murder Holes |
| 26:30 | Research | Murder Holes |
| 26:30 | Research | Fortified Wall (upgrade) |
| 26:32 | Research | Fortified Wall (upgrade) |
| 26:42 | Build | Farm |
| 26:45 | Build | Farm |
| 26:51 | Build | Farm |
| 26:56 | Build | Farm |
| 27:01 | Build | House |
| 27:01 | Build | House |
Build order — Flipper
First 150 of 393 actions detected
| 0:02 | Build | House |
| 0:04 | Build | House |
| 0:07 | Create | Villager (Male) |
| 0:07 | Create | Villager (Male) |
| 0:07 | Create | Villager (Male) |
| 0:08 | Create | Villager (Male) |
| 1:26 | Create | Villager (Male) |
| 1:27 | Create | Villager (Male) |
| 1:53 | Build | Lumber Camp |
| 2:06 | Create | Villager (Male) |
| 2:22 | Create | Villager (Male) |
| 2:22 | Create | Villager (Male) |
| 3:06 | Create | Villager (Male) |
| 3:19 | Create | Villager (Male) |
| 3:20 | Create | Villager (Male) |
| 3:36 | Build | House |
| 3:54 | Create | Villager (Male) |
| 3:54 | Create | Villager (Male) |
| 3:54 | Create | Villager (Male) |
| 4:01 | Build | Mill |
| 4:22 | Build | House |
| 4:26 | Research | Loom |
| 4:42 | Create | Villager (Male) |
| 4:43 | Create | Villager (Male) |
| 4:45 | Create | Villager (Male) |
| 4:45 | Create | Villager (Male) |
| 5:35 | Create | Villager (Male) |
| 5:35 | Create | Villager (Male) |
| 5:36 | Create | Villager (Male) |
| 5:36 | Create | Villager (Male) |
| 5:41 | Build | Lumber Camp |
| 6:24 | Create | Villager (Male) |
| 6:44 | Create | Villager (Male) |
| 7:05 | Create | Villager (Male) |
| 7:22 | Build | Mill |
| 7:25 | Create | Villager (Male) |
| 8:16 | Create | Villager (Male) |
| 8:31 | Build | House |
| 8:36 | Build | Barracks |
| 9:02 | Research | Feudal Age |
| 9:02 | Research | Loom |
| 9:17 | Build | Mining Camp |
| 9:29 | Create | Villager (Male) |
| 9:29 | Create | Villager (Male) |
| 9:46 | Build | House |
| 10:15 | Build | House |
| 11:12 | Age | Feudal Age |
| 11:17 | Build | Stable |
| 11:22 | Build | Blacksmith |
| 11:45 | Build | Farm |
| 11:51 | Build | Farm |
| 12:02 | Create | Villager (Male) |
| 12:15 | Build | Farm |
| 12:36 | Build | Farm |
| 13:07 | Research | Castle Age |
| 13:17 | Build | Market |
| 13:34 | Build | Farm |
| 13:36 | Build | Farm |
| 14:26 | Build | Farm |
| 14:29 | Create | Villager (Male) |
| 14:29 | Create | Villager (Male) |
| 14:39 | Build | Farm |
| 14:52 | Build | House |
| 14:54 | Build | House |
| 15:32 | Research | Double-Bit Axe |
| 15:42 | Build | Farm |
| 15:47 | Age | Castle Age |
| 15:56 | Build | Town Center |
| 16:06 | Create | Knight |
| 16:07 | Create | Knight |
| 16:23 | Build | Stable |
| 16:27 | Create | Villager (Male) |
| 16:27 | Create | Villager (Male) |
| 17:17 | Build | Monastery |
| 17:21 | Create | Villager (Male) |
| 17:21 | Create | Villager (Male) |
| 17:29 | Create | Villager (Male) |
| 17:29 | Create | Villager (Male) |
| 17:39 | Build | Farm |
| 17:43 | Create | Knight |
| 17:46 | Create | Knight |
| 18:12 | Create | Monk |
| 18:17 | Build | House |
| 18:17 | Build | House |
| 18:34 | Create | Villager (Male) |
| 18:34 | Create | Villager (Male) |
| 18:35 | Create | Villager (Male) |
| 18:36 | Create | Villager (Male) |
| 18:41 | Build | Farm |
| 18:41 | Build | Farm |
| 18:42 | Build | Farm |
| 18:42 | Build | Farm |
| 19:11 | Create | Monk |
| 19:17 | Create | Villager (Male) |
| 19:18 | Create | Villager (Male) |
| 19:18 | Create | Villager (Male) |
| 19:28 | Build | Farm |
| 19:29 | Build | Farm |
| 19:52 | Create | Monk |
| 19:55 | Create | Villager (Male) |
| 19:55 | Create | Villager (Male) |
| 19:56 | Create | Villager (Male) |
| 19:56 | Create | Villager (Male) |
| 20:00 | Build | House |
| 20:01 | Build | House |
| 20:28 | Create | Knight |
| 20:31 | Create | Knight |
| 20:34 | Create | Villager (Male) |
| 20:34 | Create | Villager (Male) |
| 20:35 | Create | Villager (Male) |
| 20:45 | Build | Farm |
| 20:46 | Build | Farm |
| 20:46 | Build | Farm |
| 20:47 | Build | Farm |
| 20:47 | Build | Farm |
| 20:48 | Build | Farm |
| 21:05 | Build | House |
| 21:05 | Build | House |
| 21:05 | Build | House |
| 21:06 | Build | House |
| 21:06 | Build | House |
| 21:22 | Research | Husbandry |
| 21:23 | Research | Husbandry |
| 21:23 | Create | Villager (Male) |
| 21:24 | Create | Villager (Male) |
| 21:31 | Build | Town Center |
| 21:37 | Research | Gold Mining |
| 21:39 | Create | Villager (Male) |
| 21:46 | Build | Farm |
| 21:56 | Create | Monk |
| 21:59 | Create | Monk |
| 22:28 | Create | Villager (Male) |
| 22:29 | Create | Villager (Male) |
| 22:30 | Research | Wheelbarrow |
| 22:39 | Create | Villager (Male) |
| 22:58 | Create | Knight |
| 22:58 | Create | Knight |
| 23:02 | Create | Villager (Male) |
| 23:02 | Create | Villager (Male) |
| 23:28 | Research | Scale Barding Armor |
| 23:33 | Build | House |
| 23:33 | Build | House |
| 23:33 | Build | House |
| 23:34 | Build | House |
| 23:34 | Build | House |
| 24:03 | Create | Villager (Male) |
| 24:03 | Create | Villager (Male) |
| 24:04 | Create | Villager (Male) |
| 24:05 | Create | Villager (Male) |
| 24:06 | Create | Villager (Male) |
Build order — CappinCrunch
First 150 of 224 actions detected
| 0:03 | Build | House |
| 0:04 | Build | House |
| 0:08 | Create | Villager (Male) |
| 0:08 | Create | Villager (Male) |
| 0:08 | Create | Villager (Male) |
| 0:09 | Create | Villager (Male) |
| 1:36 | Create | Villager (Male) |
| 1:57 | Create | Villager (Male) |
| 2:13 | Create | Villager (Male) |
| 2:38 | Create | Villager (Male) |
| 2:41 | Create | Villager (Male) |
| 3:22 | Create | Villager (Male) |
| 3:32 | Build | House |
| 3:34 | Build | House |
| 3:39 | Create | Villager (Male) |
| 3:39 | Create | Villager (Male) |
| 4:02 | Build | Lumber Camp |
| 4:09 | Create | Villager (Male) |
| 4:09 | Create | Villager (Male) |
| 4:32 | Create | Villager (Male) |
| 4:32 | Create | Villager (Male) |
| 4:58 | Create | Villager (Male) |
| 5:25 | Create | Villager (Male) |
| 6:55 | Create | Villager (Male) |
| 6:55 | Create | Villager (Male) |
| 6:55 | Create | Villager (Male) |
| 6:56 | Create | Villager (Male) |
| 6:56 | Create | Villager (Male) |
| 7:00 | Build | Mill |
| 7:44 | Build | Mining Camp |
| 7:52 | Build | House |
| 7:53 | Build | House |
| 9:05 | Build | Mining Camp |
| 9:38 | Research | Feudal Age |
| 9:38 | Research | Loom |
| 9:50 | Build | Mill |
| 10:21 | Build | Farm |
| 10:23 | Build | Farm |
| 10:24 | Build | Farm |
| 11:53 | Age | Feudal Age |
| 11:57 | Build | Blacksmith |
| 12:01 | Build | Market |
| 12:16 | Create | Villager (Male) |
| 13:24 | Research | Castle Age |
| 14:40 | Research | Wheelbarrow |
| 15:19 | Research | Double-Bit Axe |
| 16:04 | Age | Castle Age |
| 16:32 | Build | Castle |
| 16:41 | Build | House |
| 16:55 | Build | Town Center |
| 17:01 | Create | Villager (Male) |
| 17:25 | Build | Mill |
| 17:46 | Create | Villager (Male) |
| 17:52 | Research | Bow Saw |
| 18:04 | Build | Town Center |
| 18:17 | Create | Villager (Male) |
| 18:17 | Create | Villager (Male) |
| 18:51 | Create | Villager (Male) |
| 19:04 | Create | Villager (Male) |
| 19:07 | Build | Farm |
| 19:15 | Create | Villager (Male) |
| 19:27 | Build | Farm |
| 19:33 | Create | Villager (Male) |
| 19:46 | Create | Villager (Male) |
| 20:01 | Build | Farm |
| 20:02 | Build | Farm |
| 20:07 | Build | Farm |
| 20:09 | Create | Villager (Male) |
| 20:09 | Create | Villager (Male) |
| 20:19 | Create | Villager (Male) |
| 20:30 | Create | Villager (Male) |
| 20:35 | Build | Farm |
| 20:39 | Build | Farm |
| 20:46 | Build | Farm |
| 20:51 | Build | Farm |
| 20:52 | Build | Farm |
| 20:57 | Build | Farm |
| 20:59 | Create | Villager (Male) |
| 20:59 | Create | Villager (Male) |
| 21:00 | Create | Villager (Male) |
| 21:17 | Create | Villager (Male) |
| 21:27 | Build | Farm |
| 21:28 | Build | Farm |
| 21:40 | Build | House |
| 21:41 | Build | House |
| 21:42 | Build | House |
| 21:44 | Build | House |
| 21:45 | Create | Villager (Male) |
| 21:46 | Create | Villager (Male) |
| 21:46 | Create | Villager (Male) |
| 22:05 | Create | Villager (Male) |
| 22:05 | Create | Villager (Male) |
| 22:06 | Create | Villager (Male) |
| 22:16 | Build | Farm |
| 22:16 | Build | Farm |
| 22:17 | Build | Farm |
| 22:17 | Build | Farm |
| 22:18 | Build | Farm |
| 22:27 | Research | Horse Collar |
| 22:45 | Create | Villager (Male) |
| 22:46 | Create | Villager (Male) |
| 22:46 | Create | Villager (Male) |
| 23:03 | Create | Villager (Male) |
| 23:03 | Create | Villager (Male) |
| 23:04 | Create | Villager (Male) |
| 23:13 | Research | Heavy Plow |
| 23:20 | Build | Farm |
| 23:24 | Build | Farm |
| 23:40 | Build | Lumber Camp |
| 23:43 | Create | Villager (Male) |
| 23:43 | Create | Villager (Male) |
| 23:43 | Create | Villager (Male) |
| 23:43 | Create | Villager (Male) |
| 24:12 | Build | Barracks |
| 24:19 | Create | Villager (Male) |
| 24:20 | Create | Villager (Male) |
| 24:20 | Create | Villager (Male) |
| 24:27 | Build | Farm |
| 24:32 | Build | House |
| 24:33 | Build | House |
| 24:34 | Build | House |
| 24:35 | Build | House |
| 24:59 | Create | Villager (Male) |
| 24:59 | Create | Villager (Male) |
| 25:00 | Create | Villager (Male) |
| 25:05 | Research | Hand Cart |
| 25:10 | Research | Man-at-Arms (upgrade) |
| 25:14 | Build | Barracks |
| 25:22 | Build | Mill |
| 25:23 | Build | Farm |
| 25:23 | Build | Farm |
| 25:23 | Build | Farm |
| 25:23 | Build | Farm |
| 25:23 | Build | Farm |
| 25:24 | Build | Farm |
| 25:24 | Build | Farm |
| 25:25 | Build | Farm |
| 25:32 | Build | Farm |
| 25:35 | Research | Gold Mining |
| 25:36 | Create | Villager (Male) |
| 25:36 | Create | Villager (Male) |
| 25:36 | Create | Villager (Male) |
| 25:37 | Create | Villager (Male) |
| 25:42 | Build | Mining Camp |
| 26:20 | Build | Archery Range |
| 26:26 | Research | Long Swordsman (upgrade) |
| 26:44 | Create | Centurion |
| 26:44 | Create | Centurion |
| 26:46 | Create | Villager (Male) |
| 26:46 | Create | Villager (Male) |
Build order — ClassicRock
First 150 of 304 actions detected
| 0:02 | Create | Villager (Male) |
| 0:02 | Create | Villager (Male) |
| 0:02 | Create | Villager (Male) |
| 0:02 | Create | Villager (Male) |
| 0:07 | Build | House |
| 0:11 | Build | House |
| 1:33 | Create | Villager (Male) |
| 1:52 | Build | Lumber Camp |
| 2:01 | Create | Villager (Male) |
| 2:27 | Create | Villager (Male) |
| 2:54 | Create | Villager (Male) |
| 3:24 | Create | Villager (Male) |
| 3:36 | Create | Villager (Male) |
| 3:57 | Create | Villager (Male) |
| 3:57 | Create | Villager (Male) |
| 4:10 | Build | House |
| 4:16 | Create | Villager (Male) |
| 4:34 | Create | Villager (Male) |
| 4:46 | Build | Mill |
| 5:21 | Create | Villager (Male) |
| 5:44 | Create | Villager (Male) |
| 5:48 | Build | Mill |
| 5:59 | Create | Villager (Male) |
| 6:26 | Build | House |
| 6:36 | Create | Villager (Male) |
| 6:58 | Build | Lumber Camp |
| 7:04 | Create | Villager (Male) |
| 7:15 | Create | Villager (Male) |
| 7:56 | Create | Villager (Male) |
| 8:09 | Build | House |
| 8:17 | Build | Mining Camp |
| 8:22 | Create | Villager (Male) |
| 8:49 | Create | Villager (Male) |
| 9:28 | Create | Villager (Male) |
| 9:28 | Create | Villager (Male) |
| 9:50 | Build | Mining Camp |
| 10:08 | Create | Villager (Male) |
| 10:48 | Research | Feudal Age |
| 12:24 | Build | House |
| 12:47 | Create | Villager (Male) |
| 12:50 | Create | Villager (Male) |
| 12:53 | Research | Loom |
| 12:58 | Age | Feudal Age |
| 13:06 | Build | Market |
| 13:12 | Build | Blacksmith |
| 13:25 | Create | Villager (Male) |
| 13:41 | Research | Horse Collar |
| 13:52 | Build | Farm |
| 13:53 | Build | Farm |
| 13:54 | Build | Farm |
| 13:55 | Build | Farm |
| 13:56 | Build | Farm |
| 13:57 | Build | Farm |
| 14:16 | Create | Villager (Male) |
| 14:44 | Create | Villager (Male) |
| 15:13 | Create | Villager (Male) |
| 15:21 | Build | Farm |
| 15:23 | Build | Farm |
| 15:32 | Build | House |
| 15:39 | Create | Villager (Male) |
| 16:06 | Research | Castle Age |
| 16:36 | Build | Barracks |
| 17:12 | Build | Farm |
| 17:14 | Build | Farm |
| 17:15 | Build | Farm |
| 17:22 | Research | Double-Bit Axe |
| 18:13 | Create | Villager (Male) |
| 18:27 | Create | Villager (Male) |
| 18:46 | Age | Castle Age |
| 18:51 | Build | Town Center |
| 18:57 | Create | Villager (Male) |
| 19:20 | Build | Town Center |
| 19:33 | Create | Spearman |
| 19:33 | Create | Spearman |
| 19:40 | Research | Wheelbarrow |
| 19:53 | Create | Villager (Male) |
| 20:01 | Build | Lumber Camp |
| 20:04 | Create | Villager (Male) |
| 20:04 | Create | Villager (Male) |
| 20:15 | Research | Bow Saw |
| 20:47 | Build | Castle |
| 20:57 | Build | House |
| 21:00 | Build | House |
| 21:01 | Build | House |
| 21:13 | Create | Villager (Male) ×5 |
| 21:13 | Create | Villager (Male) ×5 |
| 21:35 | Create | Spearman |
| 21:42 | Create | Villager (Male) ×2 |
| 21:47 | Build | Farm |
| 21:49 | Build | Farm |
| 21:50 | Build | Farm |
| 21:56 | Build | Farm |
| 21:57 | Build | Farm |
| 21:58 | Build | Farm |
| 21:59 | Build | Farm |
| 22:17 | Create | Villager (Male) ×3 |
| 22:18 | Create | Villager (Male) ×3 |
| 22:26 | Build | Farm |
| 22:27 | Build | Farm |
| 22:28 | Build | Farm |
| 22:30 | Build | Farm |
| 22:30 | Build | Farm |
| 22:40 | Create | Villager (Male) ×2 |
| 22:40 | Create | Villager (Male) ×2 |
| 22:56 | Build | Mining Camp |
| 23:14 | Build | House |
| 23:15 | Build | House |
| 23:16 | Build | House |
| 23:18 | Build | House |
| 23:19 | Build | House |
| 23:31 | Research | Heavy Plow |
| 23:37 | Create | Villager (Male) ×3 |
| 23:57 | Create | Villager (Male) ×3 |
| 24:26 | Create | Villager (Male) |
| 24:38 | Build | Farm |
| 24:39 | Build | Farm |
| 24:41 | Build | Farm |
| 24:46 | Build | Farm |
| 24:47 | Build | Farm |
| 24:48 | Build | Farm |
| 24:50 | Build | Farm |
| 24:51 | Build | Farm |
| 24:55 | Build | Mill |
| 25:03 | Create | Villager (Male) |
| 25:04 | Create | Villager (Male) |
| 25:09 | Research | Hand Cart |
| 25:12 | Create | Villager (Male) |
| 25:13 | Create | Villager (Male) |
| 25:13 | Create | Villager (Male) |
| 25:33 | Build | Barracks |
| 25:34 | Build | Barracks |
| 25:36 | Build | Barracks |
| 25:45 | Create | Villager (Male) |
| 25:46 | Create | Villager (Male) |
| 25:46 | Create | Villager (Male) |
| 25:46 | Create | Villager (Male) |
| 26:42 | Build | House |
| 26:43 | Build | House |
| 26:44 | Build | House |
| 26:52 | Research | Imperial Age |
| 26:55 | Create | Villager (Male) |
| 26:56 | Create | Villager (Male) |
| 26:56 | Create | Villager (Male) |
| 27:04 | Build | Farm |
| 27:06 | Build | Farm |
| 27:08 | Build | Mill |
| 27:25 | Build | Castle |
| 27:29 | Create | Cataphract |
| 27:30 | Create | Cataphract |
| 27:34 | Research | Pikeman (upgrade) |
Build order — BIZONADE
First 150 of 208 actions detected
| 0:05 | Build | House |
| 0:16 | Create | Villager (Male) |
| 0:16 | Create | Villager (Male) |
| 0:17 | Create | Villager (Male) |
| 0:17 | Create | Villager (Male) |
| 0:41 | Build | House |
| 0:43 | Build | House |
| 0:45 | Build | House |
| 1:41 | Create | Villager (Male) |
| 1:41 | Create | Villager (Male) |
| 2:18 | Create | Villager (Male) |
| 2:39 | Create | Villager (Male) |
| 3:11 | Create | Villager (Male) |
| 3:39 | Create | Villager (Male) |
| 3:57 | Create | Villager (Male) |
| 3:57 | Create | Villager (Male) |
| 3:58 | Create | Villager (Male) |
| 4:21 | Build | Mill |
| 4:47 | Create | Villager (Male) |
| 5:03 | Build | Mining Camp |
| 5:15 | Create | Villager (Male) |
| 5:27 | Create | Villager (Male) |
| 5:40 | Create | Villager (Male) |
| 6:01 | Create | Villager (Male) |
| 6:17 | Build | Mill |
| 6:22 | Create | Villager (Male) |
| 6:22 | Create | Villager (Male) |
| 7:19 | Create | Villager (Male) |
| 7:19 | Create | Villager (Male) |
| 7:19 | Create | Villager (Male) |
| 8:18 | Create | Villager (Male) |
| 8:18 | Create | Villager (Male) |
| 8:18 | Create | Villager (Male) |
| 8:24 | Build | Lumber Camp |
| 8:37 | Create | Villager (Male) |
| 8:38 | Create | Villager (Male) |
| 9:13 | Research | Feudal Age |
| 10:03 | Build | Lumber Camp |
| 10:53 | Build | Farm |
| 11:23 | Age | Feudal Age |
| 11:24 | Research | Castle Age |
| 11:57 | Build | Mining Camp |
| 12:04 | Research | Stone Mining |
| 12:16 | Build | House |
| 12:18 | Build | House |
| 12:19 | Build | House |
| 12:28 | Build | House |
| 12:30 | Build | House |
| 12:39 | Build | House |
| 12:46 | Research | Horse Collar |
| 13:56 | Create | Villager (Male) |
| 13:57 | Create | Villager (Male) |
| 13:57 | Create | Villager (Male) |
| 14:04 | Age | Castle Age |
| 14:26 | Build | Farm |
| 14:38 | Research | Double-Bit Axe |
| 14:41 | Create | Villager (Male) |
| 14:41 | Create | Villager (Male) |
| 14:42 | Create | Villager (Male) |
| 15:41 | Build | Town Center |
| 15:50 | Create | Villager (Male) |
| 15:51 | Create | Villager (Male) |
| 16:12 | Build | Mining Camp |
| 16:31 | Build | Farm |
| 16:32 | Build | Farm |
| 16:33 | Build | Farm |
| 16:34 | Build | Farm |
| 16:35 | Build | Farm |
| 17:02 | Build | Farm |
| 17:10 | Build | Farm |
| 17:21 | Create | Villager (Male) |
| 17:34 | Build | Castle |
| 17:42 | Create | Villager (Male) |
| 17:55 | Build | Monastery |
| 18:02 | Create | Villager (Male) |
| 18:32 | Build | Stone Wall |
| 18:39 | Create | Villager (Male) ×2 |
| 18:50 | Build | Farm |
| 18:50 | Build | Farm |
| 18:51 | Build | Farm |
| 18:55 | Create | Monk |
| 19:48 | Create | Monk |
| 20:09 | Build | Siege Workshop |
| 20:11 | Create | Villager (Male) ×5 |
| 20:11 | Create | Villager (Male) |
| 20:12 | Create | Villager (Male) |
| 21:02 | Create | Villager (Male) ×4 |
| 21:16 | Research | Loom |
| 21:55 | Build | Castle |
| 22:20 | Create | Monk |
| 22:44 | Create | Villager (Male) ×5 |
| 22:44 | Create | Villager (Male) ×5 |
| 23:00 | Build | Farm |
| 23:00 | Build | Farm |
| 23:01 | Build | Farm |
| 23:01 | Build | Farm |
| 23:02 | Build | Farm |
| 23:02 | Build | Farm |
| 23:03 | Build | Farm |
| 23:04 | Build | Farm |
| 23:05 | Build | Farm |
| 23:15 | Build | Farm |
| 23:16 | Build | Farm |
| 23:16 | Build | Farm |
| 23:17 | Build | Farm |
| 23:18 | Build | Farm |
| 23:19 | Build | Farm |
| 23:20 | Build | Farm |
| 23:25 | Create | Villager (Male) ×3 |
| 23:47 | Build | University |
| 24:25 | Build | Blacksmith |
| 24:30 | Create | Ballista Elephant |
| 25:08 | Create | Villager (Male) ×5 |
| 25:08 | Create | Villager (Male) ×5 |
| 25:09 | Create | Villager (Male) ×3 |
| 25:09 | Create | Villager (Male) ×3 |
| 25:24 | Build | Mining Camp |
| 25:30 | Research | Heavy Plow |
| 25:55 | Create | Mangonel |
| 25:56 | Create | Mangonel |
| 26:30 | Research | Ballistics |
| 26:31 | Research | Murder Holes |
| 26:34 | Research | Forging |
| 26:35 | Research | Scale Barding Armor |
| 27:24 | Create | Villager (Male) ×5 |
| 27:24 | Create | Villager (Male) ×5 |
| 27:25 | Create | Villager (Male) ×3 |
| 27:36 | Build | Town Center |
| 27:54 | Research | Fortified Wall (upgrade) |
| 28:02 | Research | Fletching |
| 28:11 | Build | House |
| 28:12 | Build | House |
| 28:13 | Build | House |
| 28:15 | Build | House |
| 28:16 | Build | House |
| 28:17 | Build | House |
| 28:19 | Build | House |
| 28:21 | Build | House |
| 28:23 | Build | House |
| 28:24 | Build | House |
| 28:26 | Build | House |
| 28:27 | Build | House |
| 28:30 | Build | House |
| 28:31 | Build | House |
| 28:32 | Build | House |
| 28:33 | Build | House |
| 28:34 | Build | House |
| 28:36 | Build | House |
| 28:37 | Build | House |
| 28:38 | Build | House |
Match timeline
| 8:36 | Flipper · first_building Barracks |
| 9:51 | Naru · first_building Barracks |
| 10:31 | redheadedkiller · age_up feudal |
| 10:57 | Naru · age_up feudal |
| 11:03 | rakz · first_building Barracks |
| 11:12 | Flipper · age_up feudal |
| 11:17 | Flipper · first_building Stable |
| 11:23 | BIZONADE · age_up feudal |
| 11:53 | CappinCrunch · age_up feudal |
| 11:53 | 1Timoteo2:11 · age_up feudal |
| 11:54 | Naru · first_building Stable |
| 11:58 | rakz · age_up feudal |
| 12:58 | ClassicRock · age_up feudal |
| 14:04 | BIZONADE · age_up castle |
| 14:11 | 1Timoteo2:11 · first_market_sell 100 wood |
| 15:02 | Naru · age_up castle |
| 15:13 | Naru · first_building Monastery |
| 15:47 | Flipper · age_up castle |
| 16:01 | ClassicRock · first_market_sell 100 wood |
| 16:03 | ClassicRock · first_market_buy 100 food |
| 16:04 | CappinCrunch · age_up castle |
| 16:06 | redheadedkiller · age_up castle |
| 16:32 | CappinCrunch · first_building Castle |
| 16:36 | ClassicRock · first_building Barracks |
| 16:39 | redheadedkiller · first_building Barracks |
| 16:49 | redheadedkiller · first_building Castle |
| 16:52 | 1Timoteo2:11 · wall_segment Stone Wall x1 |
| 16:55 | 1Timoteo2:11 · wall_segment Stone Wall x3 |
| 17:03 | 1Timoteo2:11 · age_up castle |
| 17:17 | Flipper · first_building Monastery |
| 17:32 | 1Timoteo2:11 · wall_segment Stone Wall x4 |
| 17:34 | BIZONADE · first_building Castle |
| 17:55 | BIZONADE · first_building Monastery |
| 18:19 | 1Timoteo2:11 · first_market_buy 100 stone |
| 18:32 | BIZONADE · wall_segment Stone Wall x4 |
| 18:46 | ClassicRock · age_up castle |
| 18:50 | rakz · age_up castle |
| 19:14 | rakz · first_building Monastery |
| 19:37 | 1Timoteo2:11 · wall_segment Stone Wall x13 |
| 19:54 | redheadedkiller · first_market_buy 100 wood |
| 20:09 | BIZONADE · first_building Siege Workshop |
| 20:10 | rakz · first_market_sell 100 stone |
| 20:47 | ClassicRock · first_building Castle |
| 22:29 | rakz · first_market_buy 100 stone |
| 22:44 | rakz · first_building Castle |
| 22:51 | rakz · first_building Siege Workshop |
| 23:38 | redheadedkiller · first_building Siege Workshop |
| 23:42 | rakz · age_up imperial |
| 24:03 | 1Timoteo2:11 · first_building Barracks |
| 24:12 | CappinCrunch · first_building Barracks |
| 24:42 | 1Timoteo2:11 · first_building Siege Workshop |
| 26:20 | CappinCrunch · first_building Archery Range |
| 26:23 | 1Timoteo2:11 · first_building Castle |
| 27:27 | redheadedkiller · first_market_sell 500 stone |
| 28:14 | redheadedkiller · wall_segment Stone Wall x26 |
| 28:24 | 1Timoteo2:11 · first_building Stable |
| 29:43 | ClassicRock · first_building Stable |
| 29:44 | Flipper · age_up imperial |
| 29:49 | 1Timoteo2:11 · age_up imperial |
| 30:02 | ClassicRock · age_up imperial |
| 30:13 | Naru · first_building Castle |
| 30:55 | redheadedkiller · age_up imperial |
| 31:10 | CappinCrunch · wall_segment Stone Wall x4 |
| 31:15 | Naru · age_up imperial |
| 31:24 | Flipper · first_market_buy 100 wood |
| 31:32 | CappinCrunch · age_up imperial |
| 31:48 | CappinCrunch · wall_segment Stone Wall x6 |
| 32:22 | ClassicRock · first_building Archery Range |
| 33:29 | 1Timoteo2:11 · first_building Archery Range |
| 34:12 | CappinCrunch · resign |
| 37:04 | redheadedkiller · wall_segment Stone Wall x4 |
| 37:36 | redheadedkiller · wall_segment Stone Wall x4 |
| 38:01 | Flipper · first_market_sell 100 wood |
[ AI ANALYSIS · 1 CREDIT ]
What really happened in this match?
Wolo.gg analyzes every decision: build order, eco, micro, common mistakes by bracket. Personalized analysis on WhatsApp or Discord in 30 seconds.
Civ guide
Chinese
Perfil
Jugador #7709921